 Dungeon Crawl Stone Soup version 0.28.0 (webtiles) character file.

Game seed: 8341799032842335230

709 croobank the Chopper (level 7, -1/60 HPs)
             Began as a Gnoll Cinder Acolyte on Feb 16, 2022.
             Was a High Priest of Ignis.
             Killed from afar by Dowan (14 damage)
             ... with a shard of ice
             ... on level 5 of the Dungeon.
             The game lasted 00:19:53 (4254 turns).

croobank the Chopper (Gnoll Cinder Acolyte)         Turns: 4254, Time: 00:19:54

Health: -1/60      AC:  6    Str: 19    XL:     7   Next: 68%
Magic:  1/12       EV: 12    Int: 13    God:    Ignis [*****.]
Gold:   180        SH:  0    Dex: 10    Spells: 11/13 levels left

rFire   + + .      SeeInvis .   u - +8 lance "Wyrmbane" {slay drac, rPois rF+ rC+ AC+3}
rCold   + . .      Faith    .   (no shield)
rNeg    . . .      Spirit   .   j - +0 robe
rPois   +          Reflect  .   (no helmet)
rElec   .          Harm     .   (no cloak)
rCorr   .          Rampage  .   m - +0 pair of gloves
Will    .....                   (no boots)
Stlth   +.........              (no amulet)
HPRegen 0.20/turn               c - +6 ring of strength
MPRegen 0.13/turn               (no ring)

@: very slow
A: fangs 1, strong nose, distributed training
a: Renounce Religion, Fiery Armour, Foxfire Swarm, Rising Flame


You were on level 5 of the Dungeon.
You worshipped Ignis.
Ignis was extremely pleased with you.
You visited 2 branches of the dungeon, and saw 6 of its levels.

You collected 180 gold pieces.

Inventory:

Hand Weapons
 a - a +0 hand axe of protection
 b - a +0 hunting sling
 e - a -1 hand axe of flaming
 u - the +8 lance "Wyrmbane" (weapon) {slay drac, rPois rF+ rC+ AC+3}
   (You acquired it on level 4 of the Dungeon)

   It inflicts extra damage against dragons and draconians.
   AC:        It affects your AC (+3).
   rF:        It protects you from fire.
   rC:        It protects you from cold.
   rPois:     It protects you from poison.
 v - a +0 trident of pain
 x - the +5 dagger "Qaxahus" {venom, rN+}
   (You found it on level 4 of the Dungeon)

   It poisons the flesh of those it strikes.
   rN:        It protects you from negative energy.
Missiles
 d - 2 throwing nets
 f - 71 stones
 k - 75 arrows
 l - 44 sling bullets
 n - 2 poisoned darts (quivered)
Armour
 j - a +0 robe (worn)
 m - a +0 pair of gloves (worn)
 p - a +0 scale mail
 s - a +0 ring mail
 w - a +0 chain mail
Jewellery
 c - a +6 ring of strength (left hand)
Scrolls
 h - a scroll of enchant armour
 o - a scroll of fear
 q - a scroll of identify
 t - a scroll of fog
Potions
 g - 2 potions of might
 i - 3 potions of lignification
 r - a potion of heal wounds


   Skills:
 + Level 7.1 Fighting
 + Level 2.6 Short Blades
 + Level 2.6 Long Blades
 + Level 7.1 Axes
 + Level 2.6 Maces & Flails
 + Level 2.6 Polearms
 + Level 2.6 Staves
 + Level 2.6 Slings
 + Level 2.6 Bows
 + Level 2.6 Crossbows
 + Level 2.6 Throwing
 + Level 2.6 Armour
 + Level 2.6 Dodging
 + Level 2.6 Stealth
 + Level 2.6 Shields
 + Level 2.6 Unarmed Combat
 + Level 3.9 Spellcasting
 + Level 2.1 Conjurations
 + Level 2.1 Hexes
 + Level 2.1 Summonings
 + Level 2.1 Necromancy
 + Level 2.1 Translocations
 + Level 2.1 Transmutations
 + Level 5.9 Fire Magic
 + Level 2.1 Ice Magic
 + Level 2.1 Air Magic
 + Level 2.1 Earth Magic
 + Level 2.1 Poison Magic
 + Level 2.9 Invocations
 + Level 2.6 Evocations


You had 11 spell levels left.
You knew the following spells:

 Your Spells              Type           Power      Damage    Failure   Level
a - Scorch                Fire           34%        2d7       2%          2

Your spell library contained the following spells:

 Spells                   Type           Power      Damage    Failure   Level
 Cause Fear               Hex            4%         N/A       65%         4
 Dragon Form              Tmut           4%         N/A       100%        7
 Dragon's Call            Summ           4%         N/A       100%        9


Dungeon Overview and Level Annotations

Branches:
Dungeon (4/15)             Temple (1/1) D:4

Altars:
Ashenzari
Elyvilon
Hepliaklqana
Kikubaaqudgha
Ru
Sif Muna
Trog
Uskayaw
Vehumet
Xom
Yredelemnul
Zin
The Shining One

Annotations:
D:3 2 runed translucent doors, Crazy Yiuf; Sigmund; sirJeffrey23's ghost, amateur HOMo
D:5 Dowan


Innate Abilities, Weirdness & Mutations

You have very sharp teeth.
Your uncanny sense of smell can sniff out nearby items.
Your experience applies equally to all skills.


Message History

Your unstable footing causes you to fumble your attack.
Duvessa hits you with a +0 short sword! Duvessa hits you with a +0 short sword.
You puncture Duvessa! Your bite misses Duvessa.
Duvessa is severely wounded.
Duvessa hits you with a +0 short sword!
You hit Duvessa. You bite Duvessa, but do no damage.
Duvessa is almost dead.
Duvessa hits you with a +0 short sword! Duvessa hits you with a +0 short sword.
* * * LOW HITPOINT WARNING * * *
Your unstable footing causes you to fumble your attack.
Duvessa is no longer more vulnerable to fire.
Duvessa closely misses you. Something hits you but does no damage.
You puncture Duvessa!
You kill Duvessa!
Something screams, "No!
No!
NO!"
You hear some strange, mumbled words.
A scorpion comes into view.
You see here a howler monkey corpse.
Casting: Scorch (safe; 2% risk of failure)
Confirm with . or Enter, or press ? or * to list all spells.
Flames lash something.
Casting: Scorch (safe; 2% risk of failure)
Confirm with . or Enter, or press ? or * to list all spells.
Flames lash something.
You hear some strange, mumbled words.
You enter the shallow water.
Moving in this stuff is going to be slow.
The scorpion stings you.
* * * LOW HITPOINT WARNING * * *
The scorpion stings you but does no damage.
You puncture the scorpion!
The scorpion is heavily wounded.
The scorpion stings you.
* * * LOW HITPOINT WARNING * * *
Your unstable footing causes you to fumble your attack.
The scorpion barely misses you.
You hear some strange, mumbled words.
A shard of ice appears from out of thin air!
The shard of ice hits you! You partially resist.
You die...

## #.. #.≈ #.≈#
#.≈≈## #####
#≈≈###)#.#.#.#
####≈'.s@†{...#
#..≈≈###.#.#.#..#
#.≈≈## #####
#.≈## #.≈≈ ...#.
..## #. ∆... . ..
##


You could see a scorpion.

Vanquished Creatures
  Duvessa (D:5)
  A necrophage (D:4)
  A scorpion (D:4)
  A water moccasin zombie (D:5)
  A howler monkey (D:5)
  2 orc priests (D:4)
  A hound (D:4)
  A centaur skeleton (D:4)
  Jessica (D:2)
  An iguana (D:4)
  2 orc wizards
  A howler monkey skeleton (D:4)
  3 adders
  An ufetubus (D:4)
  2 adder skeletons (D:4)
  4 worms
  A dart slug (D:1)
  8 orcs
  6 ball pythons
  7 bats
  8 endoplasms
  3 giant cockroaches
  7 goblins
  7 hobgoblins
  4 jackals (D:1)
  6 kobolds
  5 quokkas
  4 frilled lizards
  5 rats
  A butterfly (D:4)
96 creatures vanquished.

Notes
Turn   | Place    | Note
-------+----------+-------------------------------------------
     0 | D:1      | croobank the Gnoll Cinder Acolyte began the quest for the
                  | Orb.
     0 | D:1      | Reached XP level 1. HP: 23/23 MP: 4/4
    99 | D:1      | Found a faded altar of an unknown god.
   109 | D:1      | Reached XP level 2. HP: 14/29 MP: 5/5
   112 | D:1      | Learned a level 2 spell: Scorch
   974 | D:1      | Reached XP level 3. HP: 31/35 MP: 1/7
  1406 | D:2      | Noticed Jessica
  1408 | D:2      | Reached skill level 1 in Invocations
  1408 | D:2      | Killed Jessica
  1409 | D:2      | Reached skill level 1 in Short Blades
  1409 | D:2      | Reached skill level 1 in Long Blades
  1409 | D:2      | Reached skill level 1 in Maces & Flails
  1409 | D:2      | Reached skill level 1 in Polearms
  1409 | D:2      | Reached skill level 1 in Staves
  1409 | D:2      | Reached skill level 1 in Slings
  1409 | D:2      | Reached skill level 1 in Bows
  1409 | D:2      | Reached skill level 1 in Crossbows
  1409 | D:2      | Reached skill level 1 in Throwing
  1409 | D:2      | Reached skill level 1 in Armour
  1409 | D:2      | Reached skill level 1 in Dodging
  1409 | D:2      | Reached skill level 1 in Stealth
  1409 | D:2      | Reached skill level 1 in Shields
  1409 | D:2      | Reached skill level 1 in Unarmed Combat
  1409 | D:2      | Reached skill level 1 in Evocations
  1409 | D:2      | Reached XP level 4. HP: 41/41 MP: 1/8
  1640 | D:2      | Reached skill level 1 in Conjurations
  1640 | D:2      | Reached skill level 1 in Hexes
  1640 | D:2      | Reached skill level 1 in Summonings
  1640 | D:2      | Reached skill level 1 in Necromancy
  1640 | D:2      | Reached skill level 1 in Translocations
  1640 | D:2      | Reached skill level 1 in Transmutations
  1640 | D:2      | Reached skill level 1 in Ice Magic
  1640 | D:2      | Reached skill level 1 in Air Magic
  1640 | D:2      | Reached skill level 1 in Earth Magic
  1640 | D:2      | Reached skill level 1 in Poison Magic
  2021 | D:3      | Found a runed translucent door.
  2023 | D:3      | Noticed sirJeffrey23's ghost (amateur HOMo)
  2537 | D:3      | Reached XP level 5. HP: 47/47 MP: 4/9
  2772 | D:3      | Found a runed translucent door.
  2773 | D:3      | Noticed Crazy Yiuf
  2791 | D:3      | Noticed Sigmund
  2950 | D:4      | Reached XP level 6. HP: 39/53 MP: 1/11
  3405 | D:4      | Found a broken altar of Ashenzari.
  3436 | D:4      | Found a staircase to the Ecumenical Temple.
  3695 | D:4      | Noticed a necrophage
  3711 | Temple   | Entered the Ecumenical Temple
  3744 | D:4      | Killed a necrophage
  3745 | D:4      | Reached XP level 7. HP: 59/59 MP: 5/12
  3949 | D:4      | Identified a scroll of acquirement
  3950 | D:4      | Acquired the +8 lance "Wyrmbane" {slay drac, rPois rF+ rC+
                  | AC+3}
  3950 | D:4      | Found the +8 lance "Wyrmbane" {slay drac, rPois rF+ rC+
                  | AC+3}
  4025 | D:4      | Identified the +5 dagger "Qaxahus" {venom, rN+}
  4225 | D:4      | You fall into a shaft and drop 1 floor!
  4225 | D:5      | Entered Level 5 of the Dungeon
  4237 | D:5      | Noticed Duvessa
  4239 | D:5      | Noticed Dowan
  4248 | D:5      | Killed Duvessa
  4254 | D:5      | Killed from afar by Dowan

Illustrated notes

Levels and vault maps discovered:
D:1:      scummos_arrival_star, layout_basic, basic_ecumenical_altar,
          minmay_pentomino_t4
D:2:      layout_rooms, uniq_jessica
D:3:      layout_loops_corners, ebering_ghost_sewer_d,
          kennysheep_generic_room_8, uniq_sigmund, uniq_crazy_yiuf_cottage
D:4:      layout_gridville, mainiacjoe_overflow_small_starburst,
          minmay_temple_entry_butterflies, kennysheep_nondescript,
          small_statue_intersection, minmay_close_crescents
D:5:      layout_basic, mainiacjoe_overflow_alcove_1,
          mainiacjoe_overflow_alcove_4, nicolae_overflow_hidden_temple,
          minmay_manual_mullet, uniq_duvessa
Temple:   nicolae_temple_no_exploring_needed

Skill      XL: |  1  2  3  4  5  6  7 |
---------------+----------------------+-----
Invocations    | 1 2 |  2.9
Short Blades   | 1 2 |  2.6
Long Blades    | 1 2 |  2.6
Maces & Flails | 1 2 |  2.6
Polearms       | 1 2 |  2.6
Staves         | 1 2 |  2.6
Slings         | 1 2 |  2.6
Bows           | 1 2 |  2.6
Crossbows      | 1 2 |  2.6
Throwing       | 1 2 |  2.6
Armour         | 1 2 |  2.6
Dodging        | 1 2 |  2.6
Stealth        | 1 2 |  2.6
Shields        | 1 2 |  2.6
Unarmed Combat | 1 2 |  2.6
Evocations     | 1 2 |  2.6
Spellcasting   | 3 |  3.9
Conjurations   | 1 2 |  2.1
Hexes          | 1 2 |  2.1
Summonings     | 1 2 |  2.1
Necromancy     | 1 2 |  2.1
Translocations | 1 2 |  2.1
Transmutations | 1 2 |  2.1
Ice Magic      | 1 2 |  2.1
Air Magic      | 1 2 |  2.1
Earth Magic    | 1 2 |  2.1
Poison Magic   | 1 2 |  2.1
Fighting       | 7 |  7.1
Axes           | 7 |  7.1
Fire Magic     | |  5.9

Action                   |  1- 3 |  4- 6 |  7- 9 || total
-------------------------+-------+-------+-------++-------
Melee: Hand axe          |    47 |    86 |     5 ||   138
       Bite              |     2 |     7 |     3 ||    12
       Punch             |       |     2 |       ||     2
       Lance             |       |       |    13 ||    13
 Fire: Hunting sling     |     5 |     3 |       ||     8
 Cast: Scorch            |    14 |    52 |    17 ||    83
  Use: Scroll            |       |     8 |     2 ||    10
 Stab: Sleeping          |       |     2 |     1 ||     3
Armor: Robe              |    11 |    38 |     4 ||    53
Dodge: Dodged            |    24 |    56 |    11 ||    91
